[Event "Chinese League Division-A 2024"]
[Site "Fuling Chongqing"]
[Date "2024.07.02"]
[Round "6.6"]
[White "Jiang, Haochen"]
[Black "Bai, Jinshi"]
[Result "1/2-1/2"]
[ECO "C47"]
[WhiteElo "2290"]
[BlackElo "2564"]
[Annotator "TA"]
[PlyCount "60"]
[EventDate "2024.06.28"]
[EventType "team-tourn"]
[EventCountry "CHN"]
[SourceTitle "playchess.com"]
[Source "ChessBase"]
[SourceQuality "1"]
[TimeControl "40/5400+30:1800+30"]

1. e4 e5 2. Nf3 Nc6 3. Nc3 Nf6 4. d4 exd4 5. Nxd4 Bb4 6. Nxc6 bxc6 7. Bd3 d5 8. exd5 O-O 9. O-O Bg4 10. f3 Bh5 {[%emt 0:00:06] White has an edge.} 11. dxc6 Qd4+ $1 {[%emt 0:00:08] The position is equal.} 12. Kh1 {[%emt 0:00:00][%cal Od3h7] [#] Black must now prevent Bxh7+!} Bxc3 13. bxc3 Qxc3 14. Bf4 Qxc6 15. Qd2 Bg6 16. Qa5 Bxd3 17. cxd3 Nd5 18. Rac1 Qd7 19. Bxc7 Nxc7 20. Qxc7 Qxd3 21. Qc4 Rfd8 22. Qxd3 Rxd3 23. Rfd1 Rxd1+ 24. Rxd1 $11 {[%emt 0:00:02][%mdl 4096] Endgame. KR-KR} Kf8 25. h4 Ke7 26. Re1+ Kd6 27. Rd1+ Kc6 28. Rc1+ Kd6 29. Rd1+ Kc6 30. Rc1+ Kd6 {[%emt 0:00:11] An uneventful encounter.   Weighted Error Value: White=0.05 (flawless) /Black=0.04 (flawless) .  Inaccurate:     	---       	Black=1      OK:         	White=6     	Black=11     Best:        	White=1     	Black=1      Strong:       	---       	Black=1} 1/2-1/2

[Event "Chinese League Division-A 2024"]
[Site "Fuling Chongqing"]
[Date "2024.07.02"]
[Round "6.7"]
[White "Kong, Xiangrui"]
[Black "Shen, Fuyan"]
[Result "1-0"]
[ECO "B49"]
[WhiteElo "2439"]
[BlackElo "1830"]
[Annotator "TA"]
[PlyCount "137"]
[EventDate "2024.06.28"]
[EventType "team-tourn"]
[EventCountry "CHN"]
[SourceTitle "playchess.com"]
[Source "ChessBase"]
[SourceQuality "1"]
[TimeControl "40/5400+30:1800+30"]

1. e4 c5 2. Nf3 e6 3. d4 cxd4 4. Nxd4 Nc6 5. Be2 Qc7 6. c4 Nf6 7. Nc3 a6 8. O-O Bb4 9. Na4 Be7 10. Be3 (10. c5 $14) 10... Rb8 (10... Nxe4 $11 11. Nxc6 bxc6) 11. c5 O-O (11... Nxe4 $14 12. Nxc6 bxc6) 12. Nxc6 $16 dxc6 {[%emt 0:01:01] White is better.} 13. f3 e5 14. Bc4 Nh5 15. g3 Bh3 16. Rf2 Rbd8 17. Rd2 Rxd2 18. Qxd2 Rd8 19. Qc2 Bc8 (19... g6 $11 {keeps the balance.}) 20. Qb3 Bf8 21. Nb6 Nf6 22. Nxc8 Rxc8 23. Rd1 g6 24. Bf1 {[%emt 0:02:28] White is much more active.} Re8 25. Qc3 h6 26. b4 Kh7 27. Bh3 (27. Bc4 $142) 27... Kg8 28. Bf1 Kh7 $1 29. a4 $36 {[%emt 0:03:15][%cal Ba2a4,Ba4a5][%mdl 2080] White has strong initiative.} Rc8 30. a5 Re8 31. h4 Kg8 32. Bh3 Kh7 33. Kg2 Kg8 34. Kf2 Kh7 {[%emt 0:00:23] [#]} (34... Ra8 $142 35. Rd3 Qb8) 35. g4 $1 $18 Qc8 36. Kg2 {[%emt 0:01:04] And now g5 would win.} Qb8 37. Qd2 {[%emt 0:02:22] Against Rd8} Qc7 $2 (37... Bg7 38. Qd6 (38. g5 Nh5 $18) 38... Qxd6 39. Rxd6 (39. cxd6 Nd7 $18) 39... Re7) 38. g5 (38. Qa2 $142) 38... Nh5 39. Qd7 ({Resist} 39. gxh6 $6 Nf4+ 40. Bxf4 exf4 $16) 39... Re7 {[%emt 0:00:57] Black is weak on the light squares} 40. Qxc7 Rxc7 41. Rd7 Nf4+ 42. Kg3 Rxd7 43. Bxd7 {[%emt 0:00:01] Hoping for Bc8.} hxg5 (43... Ne6 {was worth a try.} 44. Bc8 Nd8) 44. hxg5 {[%emt 0:00:27][%cal Od7c8][%mdl 4096] Endgame. Strongly threatening Bc8! KBB-KBN} Ne6 45. Bc8 Nd8 46. f4 exf4+ 47. Bxf4 Bg7 48. e5 Kg8 49. b5 cxb5 $2 {[%emt 0:13:22] [#]} (49... axb5 50. Bxb7 Bf8 (50... Nxb7 $2 {is the wrong capture.} 51. a6 $18)) 50. Bxb7 $1 {[%emt 0:00:01][%mdl 512] c6 would now be deadly.} b4 51. Bxa6 b3 52. Bd3 Nc6 53. a6 Bf8 (53... b2 $142 54. e6 fxe6 55. Bxg6 Bd4) 54. Be3 b2 55. Bb1 Bg7 56. Kf4 (56. Bd4 $18 {is the precise move to win.}) 56... Bxe5+ $16 57. Ke4 {[%emt 0:00:01] Threatens to win with Kd5.} Bg7 $2 {[%emt 0:00:31][%mdl 8192] Loses the game.} (57... Bb8 $16) 58. Bd2 $18 {[%emt 0:00:55] aiming for Kd5.} Kf8 59. Kd5 Na7 60. c6 {[%emt 0:00:48] Black must now prevent Be3.} Ke7 61. Be3 Nb5 62. Kc5 Nc7 63. Kb6 Be5 64. a7 {[%emt 0:00:18] White wants to mate with Kb7.} Kd8 65. Kb7 {[%emt 0:00:06] White mates.} Na8 66. Bb6+ Nxb6 67. Kxb6 Bd4+ 68. Kb7 Bxa7 69. c7+ {[%emt 0:00:01] Weighted Error Value: White=0.40/Black=0.32.  Loses game:     	---       	Black=1      Mistake:       	White=2     	Black=7      Inaccurate:     	White=1     	Black=1      OK:         	White=17    	Black=12     Best:        	White=4     	Black=4      Strong:       	---       	Black=1      Brilliant:      	White=1     	---} ({Inferior is} 69. Kxa7 Kc7 $11) 1-0

[Event "Chinese League Division-A 2024"]
[Site "Fuling Chongqing"]
[Date "2024.07.02"]
[Round "6.8"]
[White "Xu, Pengmo"]
[Black "Ma, Qun"]
[Result "0-1"]
[ECO "E15"]
[WhiteElo "1834"]
[BlackElo "2643"]
[Annotator "TA"]
[PlyCount "60"]
[EventDate "2024.06.28"]
[EventType "team-tourn"]
[EventCountry "CHN"]
[SourceTitle "playchess.com"]
[Source "ChessBase"]
[SourceQuality "1"]
[TimeControl "40/5400+30:1800+30"]

1. d4 Nf6 2. c4 e6 3. Nf3 b6 4. g3 Ba6 5. Qc2 c5 6. dxc5 Bxc5 7. Bg2 Nc6 8. a3 {[%emt 0:08:12] Hoping for b4.} Rc8 9. Nbd2 Be7 10. Qa4 Nb8 {[%emt 0:02:17] The position is equal.} 11. b4 Bxc4 12. Nxc4 Rxc4 13. Qxa7 Nd5 14. Bb2 Rc7 15. Qa8 Bf6 16. Bxf6 (16. Nd4 $11 {might be stronger.}) 16... Qxf6 $15 17. O-O (17. Qxb8+ $2 Ke7 $19) 17... O-O 18. e3 {[%emt 0:03:14] [#]} (18. Nd2 $15) 18... Nc3 $1 $17 19. Nd4 {[%emt 0:11:38] [#] This move loses the game for White.} (19. h3 $17) 19... Nc6 $1 $19 {[%emt 0:02:10][%mdl 512] Excellent horsemanship.} 20. Qa6 Nxd4 21. exd4 Qxd4 22. b5 Rc4 {[%emt 0:03:33] White is weak on the dark squares} 23. Kh1 d5 24. f4 $2 (24. h4) 24... g6 {[%emt 0:00:42] ...Ne4 is the strong threat.} 25. Qb7 (25. Rfe1 $142) 25... Nxb5 {[%emt 0:02:02][%cal Bc3b5,Bb5a3,Ba3c4,Bc4e3][%mdl 32] White must now prevent ...Nd6.} 26. Rab1 Nxa3 27. Rxb6 (27. Rb3 {might work better.} Rc2 28. Qxb6 (28. Rxa3 $2 {perishes.} Qb2 $19) 28... Qxb6 29. Rxb6) 27... Rc2 {[%emt 0:00:27] And now ...Nc4 would win. Black is clearly winning.} 28. Rg1 Nc4 29. Ra6 Ne3 {[%emt 0:01:01] ( -> ...Rxg2)} 30. Qb6 Qd2 {[%emt 0:00:21] Weighted Error Value: White=0.85/Black=0.33.  Mistake:       	White=6     	---        Inaccurate:     	White=1     	Black=1      OK:         	White=4     	Black=6      Best:        	White=1     	Black=3      Strong:       	---       	Black=1} 0-1

[Event "Chinese League Division-A 2024"]
[Site "Fuling Chongqing"]
[Date "2024.07.02"]
[Round "6.9"]
[White "Zhai, Mo"]
[Black "Zhao, Yunqing"]
[Result "1-0"]
[ECO "D42"]
[WhiteElo "2348"]
[BlackElo "1986"]
[Annotator "TA"]
[PlyCount "77"]
[EventDate "2024.06.28"]
[EventType "team-tourn"]
[EventCountry "CHN"]
[SourceTitle "playchess.com"]
[Source "ChessBase"]
[SourceQuality "1"]
[TimeControl "40/5400+30:1800+30"]

1. d4 Nf6 2. c4 e6 3. Nf3 d5 4. Nc3 Bb4 5. e3 c5 6. cxd5 Nxd5 7. Bd2 cxd4 8. exd4 O-O 9. Bd3 Be7 10. O-O Nc6 11. a3 Nxc3 12. bxc3 b6 13. Qe2 Bb7 14. Qe4 g6 15. Bh6 Re8 16. Rfe1 Na5 17. Qf4 Bxf3 $1 {[%emt 0:00:44] The position is equal.} 18. Qxf3 {[%emt 0:00:22] Threatens to win with Bb5.} Bg5 19. Bxg5 $40 {[%emt 0:00:46][%mdl 128] Black needs to defend precisely.} Qxg5 20. Re5 Qd2 21. Ba6 $1 Qb2 22. Ree1 Nb3 23. Rad1 Qxa3 24. Bb5 {[%emt 0:10:08][%cal Oc3c4] Strongly threatening c4!} Rf8 25. c4 {[%emt 0:02:53] Hoping for Rb1. Black is weak on the light squares} a5 $1 26. d5 exd5 {[%emt 0:01:02] [#]} (26... Rad8 $11 {remains equal.}) 27. Bc6 $1 $16 {[%emt 0:00:42] White is more active.} Rad8 (27... Ra7 $16 {is a better defense.}) 28. Bxd5 $18 {[%emt 0:01:06] Black must now prevent h4.} Qb4 (28... Kg7 {might work better.}) 29. Qf6 {[%emt 0:00:31][%cal Od5f7] Bxf7+! would kill now.} Rd7 (29... Rxd5 $142 30. cxd5 Nc5) 30. h4 Rb8 {[%emt 0:03:24] [#]} (30... Rxd5 $142 31. cxd5 Nc5) 31. h5 $1 {[%emt 0:01:14][%mdl 512] White is clearly winning.} Qf8 (31... Rxd5 32. cxd5) 32. hxg6 hxg6 33. Qxg6+ Qg7 34. Qf5 Nc5 35. Re3 {[%emt 0:00:15][%cal Be1e3,Be3g3,Bg3h3][%mdl 32] Rg3 is the strong threat.} Kf8 36. Rg3 Qh8 37. Rh3 Qg8 38. Qf6 {[%emt 0:02:36] Intending Re1 and mate.} Ne4 39. Qa1 {[%emt 0:00:59] Weighted Error Value: White=0.00 (flawless) /Black=0.42.  Mistake:       	---       	Black=5      OK:         	White=10    	Black=7      Best:        	White=2     	---        Strong:       	White=2     	Black=2} 1-0

[Event "Chinese League Division-A 2024"]
[Site "Fuling Chongqing"]
[Date "2024.07.02"]
[Round "6.10"]
[White "Feng, Eunice"]
[Black "Yan, Tianqi"]
[Result "0-1"]
[ECO "B28"]
[WhiteElo "1936"]
[BlackElo "2306"]
[Annotator "TA"]
[PlyCount "108"]
[EventDate "2024.06.28"]
[EventType "team-tourn"]
[EventCountry "CHN"]
[SourceTitle "playchess.com"]
[Source "ChessBase"]
[SourceQuality "1"]
[TimeControl "40/5400+30:1800+30"]

1. e4 c5 2. Nf3 a6 3. c4 Nc6 4. d4 cxd4 5. Nxd4 e5 6. Nf5 d5 7. cxd5 Bxf5 8. exf5 Nd4 9. Nc3 Nf6 10. g4 h5 11. g5 Nxd5 {[%emt 0:00:28] Excellent horsemanship.} 12. Bg2 {[%emt 0:00:06] The position is equal.} Bb4 13. Bd2 Nf4 14. Bxf4 (14. Bxb7 $2 Nd3+ 15. Kf1 Nxb2 $19) 14... exf4 15. O-O {[%emt 0:02:00] Qa4+ is the strong threat.} (15. Bxb7 $2 Qe7+ 16. Kf1 Qxb7 $19) (15. Qa4+ b5 16. Qd1 O-O $17) 15... f3 $1 16. Bxf3 {[%emt 0:07:46] aiming for Qa4+.} Qxg5+ (16... Nxf5 $2 17. Qa4+ (17. Bxh5 $2 Qxg5+ 18. Bg4 Bxc3 $19) (17. Bxb7 O-O $18) 17... Kf8 18. Qxb4+ $18) 17. Bg2 O-O-O (17... Nxf5 $2 18. Qa4+ Kf8 19. Qxb4+ $18) 18. Qd3 {[%emt 0:00:30][%cal Oc3d5] Black must now prevent Nd5!} Kb8 $1 (18... Qxf5 $2 {too greedy.} 19. Bh3 $18) 19. Qe4 Qe7 {Active counter play!} ({Stronger than} 19... Qxf5 20. Qxb7#) 20. Qxe7 Bxe7 21. Nd5 Nxf5 22. Rfd1 Rhe8 23. Rac1 Bd6 24. Bh3 (24. b4 $142) 24... Nh4 $17 25. Ne3 Bf4 26. Rxd8+ Rxd8 27. Rd1 {[%emt 0:01:15] Prevents Rd2.} Rxd1+ 28. Nxd1 {[%emt 0:00:05][%mdl 4096] Endgame. KBN-KBN} g5 29. Bd7 g4 30. h3 Kc7 31. Be8 {[%emt 0:00:08] [#]} Nf3+ $1 32. Kg2 Ne5 33. Ba4 Kd6 34. hxg4 hxg4 35. Bc2 b5 36. Bf5 Kc5 37. Nc3 Bc1 38. Nd1 Kd4 39. Kg3 a5 40. Bc2 $2 {[%emt 0:00:00] [#] White does not recover from this.} (40. b3 $17) 40... Bxb2 $1 $19 41. Nxb2 (41. Ne3) 41... Kc3 $1 42. Ba4 bxa4 ({Inferior is} 42... Kxb2 43. Bxb5 Kxa2 44. Kf4 $11) 43. Nxa4+ {[%emt 0:00:05] KN-KN} Kb4 {[%emt 0:05:05][%cal Oe5c4] ( -> ...Nc4!)} 44. Nb6 Kc5 $2 (44... Ka3 45. Kf4 f6) 45. Nc8 $2 (45. Na4+ Kb4 46. Nb6) 45... a4 46. Ne7 Nd3 47. Nf5 Nb4 48. Ne3 Nxa2 {[%emt 0:00:32] Black mates.} 49. Nc2 Nb4 50. Na3 Nc6 51. Kxg4 Kb4 52. Nb1 Kb3 53. Kf5 Kb2 54. Nd2 Na5 {[%emt 0:00:10] Weighted Error Value: White=0.42/Black=0.09 (flawless) .  Loses game:     	White=1     	---        Mistake:       	White=2     	---        Inaccurate:     	White=1     	---        OK:         	White=12    	Black=14     Best:        	White=3     	Black=2      Strong:       	---       	Black=4} 0-1

[Event "Chinese League Division-A 2024"]
[Site "Fuling Chongqing"]
[Date "2024.07.02"]
[Round "6.11"]
[White "Wang, Yue"]
[Black "Bu, Xiangzhi"]
[Result "1/2-1/2"]
[ECO "C67"]
[WhiteElo "2652"]
[BlackElo "2689"]
[Annotator "TA"]
[PlyCount "61"]
[EventDate "2024.06.28"]
[EventType "team-tourn"]
[EventCountry "CHN"]
[SourceTitle "playchess.com"]
[Source "ChessBase"]
[SourceQuality "1"]
[TimeControl "40/5400+30:1800+30"]

1. e4 e5 2. Nf3 Nc6 3. Bb5 Nf6 4. O-O Nxe4 5. Re1 Nd6 6. Nxe5 Be7 7. Bf1 Nxe5 8. Rxe5 O-O 9. d4 Bf6 10. Re1 Re8 11. c3 Rxe1 12. Qxe1 Ne8 13. Bf4 d5 14. Bd3 g6 {[%emt 0:01:03] The position is equal.} 15. Nd2 Ng7 16. Nf3 Bf5 17. Bxf5 Nxf5 18. Qd2 Qd7 19. Re1 Ng7 20. Be5 Bxe5 21. Nxe5 Qd6 22. Nd3 Re8 23. Rxe8+ Nxe8 $11 {[%emt 0:00:02][%mdl 4096] Endgame. KQN-KQN} 24. Qe3 Ng7 25. g3 Qe6 26. Qxe6 Nxe6 27. f3 f6 28. Kf2 Kf7 29. Ke3 Ke7 30. Nf4 Nxf4 31. Kxf4 {[%emt 0:00:17] Not much happened in this game.   Weighted Error Value: White=0.03 (flawless) /Black=0.01 (flawless) .  OK:         	White=5     	Black=15} 1/2-1/2

[Event "Chinese League Division-A 2024"]
[Site "Fuling Chongqing"]
[Date "2024.07.02"]
[Round "6.12"]
[White "Zeng, Chongsheng"]
[Black "Dai, Changren"]
[Result "0-1"]
[ECO "A03"]
[WhiteElo "2578"]
[BlackElo "2502"]
[Annotator "TA"]
[PlyCount "94"]
[EventDate "2024.06.28"]
[EventType "team-tourn"]
[EventCountry "CHN"]
[SourceTitle "playchess.com"]
[Source "ChessBase"]
[SourceQuality "1"]
[TimeControl "40/5400+30:1800+30"]

1. d3 d5 2. f4 Nf6 3. Nf3 Bg4 4. Ne5 Bf5 5. e3 h5 6. Nd2 e6 7. Qe2 Nbd7 (7... Ng4 {feels hotter.} 8. e4 Bc5 9. exf5 Bf2+) 8. Nef3 {[%emt 0:02:12] The position is equal.} Bc5 9. g3 Bb6 10. Bg2 Qe7 11. a4 a6 12. e4 Bh7 ({Black should play} 12... dxe4 $11 13. dxe4 Bg6) 13. Ng5 $14 Bg6 14. h3 {[%emt 0:16:03] Repels Ng4} c6 15. Rf1 O-O-O 16. exd5 Nxd5 17. Bxd5 cxd5 18. Nb3 (18. Ndf3 $15) 18... f6 $17 {[%emt 0:04:30] Black continues to play with concentration.} 19. Nf3 Nc5 {[%emt 0:02:48] Black is more active.} 20. Nbd4 Rhe8 21. Kd1 Qd7 (21... e5 22. Nh4 Bf7 (22... exd4 23. Qxe7 Rxe7 24. Nxg6 $16) 23. fxe5 $15) 22. a5 Bc7 {[%emt 0:02:59] Strongly threatening ...e5.} 23. Nh4 {[%emt 0:01:50] [#]} Bf7 24. Qf2 Bg8 25. Ne2 {[%emt 0:04:32] [#]} Ne4 26. Qg1 (26. Qa7 Nd6) 26... Nd6 ({Resist} 26... g5 27. Nf3 $17) 27. Nf3 Kb8 28. Be3 (28. g4 $142) 28... e5 $19 29. fxe5 fxe5 30. Ba7+ Ka8 31. Bb6 Rc8 32. Bxc7 (32. b3 $142) 32... Qxc7 ({Weaker is} 32... Rxc7 33. g4 $19) 33. Ne1 d4 34. g4 h4 35. Qf2 Qc5 {[%emt 0:01:21] And now ...e4 would win.} 36. Qxh4 e4 {[%emt 0:00:17] ...exd3 would now be deadly.} 37. Rc1 Qxa5 {[%emt 0:01:04] White must now prevent ...exd3.} 38. Nxd4 exd3 39. Nxd3 Nc4 40. c3 Qa4+ 41. b3 Ne3+ 42. Kd2 Qa2+ {[%emt 0:00:08] Black mates.} 43. Nc2 Nxf1+ 44. Rxf1 Bxb3 45. Ndb4 Qb2 46. Rf3 Bxc2 47. Nxc2 Red8+ {[%emt 0:00:10] Weighted Error Value: White=0.69/Black=0.09 (flawless) .  Mistake:       	White=3     	Black=1      Inaccurate:     	White=6     	---        OK:         	White=8     	Black=21     Best:        	White=1     	Black=1} 0-1

[Event "Chinese League Division-A 2024"]
[Site "Fuling Chongqing"]
[Date "2024.07.02"]
[Round "6.13"]
[White "Chu, Wei Chao"]
[Black "Liu, Yan"]
[Result "1/2-1/2"]
[ECO "E36"]
[WhiteElo "2412"]
[BlackElo "2573"]
[Annotator "TA"]
[PlyCount "73"]
[EventDate "2024.06.28"]
[EventType "team-tourn"]
[EventCountry "CHN"]
[SourceTitle "playchess.com"]
[Source "ChessBase"]
[SourceQuality "1"]
[TimeControl "40/5400+30:1800+30"]

1. d4 Nf6 2. c4 e6 3. Nc3 Bb4 4. Qc2 O-O 5. a3 Bxc3+ 6. Qxc3 d5 7. Bg5 dxc4 8. Qxc4 b6 9. Rd1 Ba6 10. Qa4 h6 11. Bh4 Qd7 12. Qc2 Qc6 13. Qxc6 Nxc6 14. Bxf6 gxf6 15. e3 Bxf1 16. Kxf1 Na5 17. Nf3 c5 18. dxc5 {[%emt 0:02:31] The position is equal.} bxc5 19. Rc1 c4 20. g4 Rab8 21. Rc2 Rb6 22. Kg2 Rfb8 23. Rb1 Kg7 24. Nd2 h5 25. h3 (25. Nxc4 $2 Rc6 26. gxh5 (26. Rbc1 $2 Rbc8 $19) 26... Rxc4 $19 (26... Nxc4 $2 27. Rbc1 $19)) 25... hxg4 26. hxg4 Kg6 27. Nxc4 Rc6 $1 28. Rbc1 Rbc8 29. b3 Kg7 (29... Nxb3 $2 {is the wrong capture.} 30. Ne5+ fxe5 31. Rxc6 $18) 30. Rb2 Nxc4 31. bxc4 Rxc4 32. Rxc4 Rxc4 $11 {[%emt 0:00:06] KR-KR} 33. Rb4 Rc5 34. Ra4 a5 35. Rd4 Rc3 36. Ra4 Rc5 37. Rd4 {[%emt 0:00:38] Weighted Error Value: White=0.02 (flawless) /Black=0.03 (flawless) .  Inaccurate:     	---       	Black=1      OK:         	White=10    	Black=13     Best:        	White=2     	Black=1      Strong:       	---       	Black=1} 1/2-1/2

[Event "Chinese League Division-A 2024"]
[Site "Fuling Chongqing"]
[Date "2024.07.02"]
[Round "6.14"]
[White "Huang, Qian"]
[Black "Xiao, Yiyi"]
[Result "1/2-1/2"]
[ECO "A14"]
[WhiteElo "2396"]
[BlackElo "2338"]
[Annotator "TA"]
[PlyCount "61"]
[EventDate "2024.06.28"]
[EventType "team-tourn"]
[EventCountry "CHN"]
[SourceTitle "playchess.com"]
[Source "ChessBase"]
[SourceQuality "1"]
[TimeControl "40/5400+30:1800+30"]

1. c4 e6 2. g3 d5 3. Bg2 Nf6 4. Nf3 Be7 5. O-O O-O 6. b3 c5 7. cxd5 Nxd5 8. d4 Nc6 9. Bb2 cxd4 10. Nxd4 Bd7 11. Na3 Bf6 12. Qd2 Nxd4 13. Bxd4 Bc6 14. Rfd1 Qe7 {[%emt 0:04:50] [#] ...Bxd4 is the strong threat.} 15. Nc4 Rfd8 16. Na5 Bxd4 17. Qxd4 Be8 (17... Bb5 $5) 18. Qe5 Rac8 19. Rxd5 Rxd5 20. Bxd5 {[%emt 0:00:06] The position is equal.} Rc5 21. Nc4 {[%emt 0:00:33] [#] Hoping for Ne3.} (21. Nxb7 $2 Rxd5 22. Qb8 Rb5 23. Qxa7 Qxb7 (23... Rxb7 $2 24. Qa8 $19) 24. Qxb7 Rxb7 $19) (21. Qb8 $5 exd5 22. b4 $11 (22. Qxa7 Rc2 $11) (22. Nxb7 $2 Rb5 $19)) 21... Rxd5 22. Qb8 b6 23. Rc1 Qd8 24. Qxd8 (24. Qxa7 $2 {loses.} Rd1+ 25. Rxd1 Qxd1+ 26. Kg2 Bc6+ (26... Qxe2 $2 {perishes.} 27. Qa8 $18) 27. f3 (27. Kh3 $2 Qf1+ 28. Kh4 h6 $19) 27... Qxe2+ 28. Kg1 Qd1+ (28... Bxf3 29. Qb8#) 29. Kf2 Qxf3+ (29... Bxf3 30. Qb8+) 30. Ke1 Qh1+ 31. Kd2 Qxh2+ 32. Kc3 Qxg3+ 33. Kb4 h5 34. Qxb6 Bd5 35. Qd8+ Kh7 $19) 24... Rxd8 $11 {[%emt 0:00:06][%mdl 4096] Endgame. KRB-KRN} 25. f3 Kf8 26. Kf2 Ke7 27. Ke3 Bb5 28. a4 Bxc4 29. Rxc4 Rd7 30. Rc8 f6 31. h4 {[%emt 0:00:14] A balanced but interesting game.   Weighted Error Value: White=0.04 (flawless) /Black=0.03 (flawless) .  OK:         	White=8     	Black=6      Best:        	---       	Black=2} 1/2-1/2

[Event "Chinese League Division-A 2024"]
[Site "Fuling Chongqing"]
[Date "2024.07.02"]
[Round "6.15"]
[White "Jiang, Tianyu"]
[Black "Wang, Chuqiao"]
[Result "1/2-1/2"]
[ECO "C93"]
[WhiteElo "1995"]
[BlackElo "2278"]
[Annotator "RC"]
[PlyCount "67"]
[EventDate "2024.06.28"]
[EventType "team-tourn"]
[EventCountry "CHN"]
[SourceTitle "playchess.com"]
[Source "ChessBase"]
[SourceQuality "1"]
[TimeControl "40/5400+30:1800+30"]

1. e4 e5 2. Nf3 Nc6 3. Bb5 a6 4. Ba4 Nf6 5. O-O Be7 6. Re1 b5 7. Bb3 d6 8. c3 O-O 9. h3 Re8 10. d4 Bb7 11. Ng5 Rf8 12. Nf3 Re8 13. Nbd2 Bf8 14. a3 h6 15. Bc2 Nb8 16. b3 Nbd7 17. Bb2 g6 18. Bd3 Bg7 19. dxe5 Nxe5 20. Nxe5 dxe5 21. Qc2 Qd6 22. Rad1 Rad8 23. Nf3 Qc6 24. c4 bxc4 25. Qxc4 Qxc4 26. Bxc4 Rxd1 27. Rxd1 Nxe4 28. Rd7 Nd6 29. Rxc7 Nxc4 30. bxc4 Bxf3 31. gxf3 e4 32. Bxg7 Kxg7 33. fxe4 Rxe4 34. Kg2 1/2-1/2

[Event "Chinese League Division-A 2024"]
[Site "Fuling Chongqing"]
[Date "2024.07.02"]
[Round "6.16"]
[White "Wan, Yunguo"]
[Black "Chen, Yuan"]
[Result "1-0"]
[ECO "C42"]
[WhiteElo "2498"]
[BlackElo "2294"]
[Annotator "TA"]
[PlyCount "69"]
[EventDate "2024.06.28"]
[EventType "team-tourn"]
[EventCountry "CHN"]
[SourceTitle "playchess.com"]
[Source "ChessBase"]
[SourceQuality "1"]
[TimeControl "40/5400+30:1800+30"]

1. e4 e5 2. Nf3 Nf6 3. Nxe5 d6 4. Nf3 Nxe4 5. d4 d5 6. Bd3 Bb4+ 7. c3 Bd6 8. O-O O-O 9. Re1 Bf5 10. c4 c6 11. Nc3 Nxc3 12. bxc3 Bxd3 13. Qxd3 {[%emt 0:00:07] Threatening Ng5.} dxc4 14. Qxc4 Nd7 {[%emt 0:00:24] The position is equal.} 15. Qd3 Qa5 16. c4 Rfe8 17. Bd2 Qa4 (17... Rxe1+ $11 18. Rxe1 Qxa2) 18. Bc3 (18. c5 $14 {is more appropriate.} Rxe1+ 19. Rxe1) 18... b5 19. c5 Be7 (19... Bc7 {is more complex.} 20. d5 Nxc5 21. Qf5 Rxe1+ 22. Rxe1 Qf4) 20. Qf5 {[%emt 0:04:26] Against Bf6} Nf6 21. Ne5 b4 22. Bb2 Bd8 23. Qf3 $36 {[%emt 0:12:47][%mdl 2048] White has some pressure. White is much more active.} Re6 24. g4 ({White should try} 24. d5 $14 cxd5 25. Nxf7) 24... Bc7 $11 25. Nxf7 Rxe1+ (25... Kxf7 $2 26. Rxe6 Kxe6 27. g5 $18) 26. Rxe1 {[%emt 0:00:05][%cal Of7h6] Nh6+! would now be deadly.} Rf8 {[%emt 0:02:02][%cal Of6d5] Strongly threatening ...Nd5!} (26... Kxf7 $6 27. g5 Re8 (27... Qxa2 $2 28. gxf6 Qxb2 29. Qxc6 $18) 28. Rxe8 Kxe8 29. gxf6 gxf6 30. Bc1 $18) 27. Ng5 Qxa2 28. Ne6 Qxb2 $2 (28... Re8 $1 $11 {and Black stays safe.} 29. Qxc6 Bf4) 29. Nxf8 $18 Kxf8 {[%emt 0:00:33] [#]} 30. Qe3 ({White should play} 30. g5 $1 $16 Qxd4 (30... Qd2 $2 31. Re3 $18) 31. gxf6 Qxf6 32. Qe3 Qg6+ 33. Kf1) 30... Bxh2+ $1 $14 31. Kg2 $1 {[%emt 0:00:09] White threatens Qe7+ and mate. Dancing on a razor blade.} h6 $1 32. Qe7+ {[%emt 0:00:57][%mdl 1024] White has compensation.} Kg8 33. Qe6+ Kh8 $2 {[%emt 0:00:46][%mdl 8192] [#]} (33... Kf8 $11) 34. g5 $1 $18 Qd2 35. gxf6 {[%emt 0:00:15] Weighted Error Value: White=0.11 (very precise) /Black=0.51.  Loses game:     	---       	Black=2      Mistake:       	White=3     	Black=1      Inaccurate:     	White=1     	Black=2      OK:         	White=7     	Black=8      Best:        	White=3     	Black=1      Strong:       	White=2     	Black=2} 1-0